 Dungeon Crawl Stone Soup version 0.29.1-15-g9cfb28693d (webtiles) character file.

Game seed: 3579966121515834450

1000 protoss039 the Digger (level 8, 28/62 HPs)
             Began as a Demonspawn Earth Elementalist on Mar 2, 2023.
             Got out of the dungeon alive.
             The game lasted 00:06:22 (4776 turns).

protoss039 the Digger (DsEE)                        Turns: 4776, Time: 00:06:23

Health: 28/62      AC:  9    Str:  9    XL:     8   Next: 0%
Magic:  15/15      EV: 12    Int: 19    God:
Gold:   147        SH:  0    Dex: 19    Spells: 11/17 levels left

rFire   + . .      SeeInvis .   c - +2 dagger (venom)
rCold   . . .      Faith    .   (no shield)
rNeg    . . .      Spirit   +   A - +4 robe "Kaotza" {+Inv rF+}
rPois   .          Reflect  .   (helmet restricted)
rElec   .          Harm     .   v - +0 cloak
rCorr   .          Rampage  .   (no gloves)
Will    .....                   (no boots)
Stlth   ++........              n - amulet of guardian spirit
HPRegen 0.20/turn               g - +6 ring of dexterity
MPRegen 0.14/turn               l - +4 ring of slaying

@: no status effects
A: antennae 1, icy blue scales 1, ignite blood 2, spiny 1
a: Evoke Invisibility


You escaped.
You visited 2 branches of the dungeon, and saw 6 of its levels.

You collected 147 gold pieces.

Inventory:

Hand Weapons
 c - a +2 dagger of venom (weapon)
Armour
 v - a +0 cloak (worn)
 A - the +4 robe "Kaotza" (worn) {+Inv rF+}
   (You found it on level 4 of the Dungeon)

   rF:        It protects you from fire.
   +Inv:      It lets you turn invisible.
Magical Staves
 j - a staff of air
 u - a staff of poison
Jewellery
 g - a +6 ring of dexterity (left hand)
 l - a +4 ring of slaying (right hand)
 n - an amulet of guardian spirit (around neck)
Wands
 z - a wand of charming (9)
Scrolls
 a - a scroll of amnesia {unknown}
 d - a scroll of fear {unknown}
 f - a scroll of identify
 h - a scroll of butterflies {unknown}
 k - a scroll of enchant armour {unknown}
 m - 3 scrolls of teleportation
 p - a scroll of enchant weapon {unknown}
 q - 2 scrolls of magic mapping
 x - a scroll of immolation {unknown}
 y - a scroll of poison {unknown}
 B - 2 scrolls of vulnerability {unknown}
Potions
 b - 2 potions of magic
 e - 2 potions of might {unknown}
 i - 2 potions of brilliance
 o - 3 potions of curing
 r - a potion of cancellation {unknown}
 s - a potion of resistance {unknown}
 t - 2 potions of lignification
 w - 3 potions of flight {unknown}
 C - a potion of mutation {unknown}


   Skills:
 + Level 5.0 Fighting
 - Level 1.7 Dodging
 - Level 1.7 Stealth
 + Level 5.0 Spellcasting
 + Level 2.0 Conjurations
 - Level 0.8 Transmutations
 + Level 5.4 Earth Magic


You had 11 spell levels left.
You knew the following spells:

 Your Spells              Type           Power      Damage    Failure   Level
a - Sandblast             Erth           50%        2d12      1%          1
b - Passwall              Tmut/Erth      13%        N/A       5%          2
c - Stone Arrow           Conj/Erth      36%        3d9       9%          3

Your spell library contained the following spells:

 Spells                   Type           Power      Damage    Failure   Level
 Magic Dart               Conj           48%        1d5       5%          1
 Searing Ray              Conj           24%        2d5       9%          2
 Scorch                   Fire           8%         2d5       19%         2
 Petrify                  Tmut/Erth      16%        N/A       34%         4
 Flame Wave               Conj/Fire      8%         2d5       63%         4
 Fulminant Prism          Conj/Hex       4%         3d6       63%         4
 Summon Cactus Giant      Summ           2%         N/A       100%        6


Dungeon Overview and Level Annotations

Branches:
Dungeon (5/15) Zot: 25459  Temple (1/1) D:4 Zot: 5759

Altars:
Fedhas
Gozag
Kikubaaqudgha
Qazlal
Ru
Uskayaw
Wu Jian
Yredelemnul

Shops:
D:2 (=   D:3 :

Annotations:
D:4 4 runed translucent doors, Crazy Yiuf; Weresquid's ghost, amateur GrGl


Innate Abilities, Weirdness & Mutations

You have a pair of small antennae on your head.
You are partially covered in icy blue scales. (AC +2)
Your demonic aura often causes spilled blood to erupt in flames.
You are partially covered in sharp spines.


Message History

* * * LOW HITPOINT WARNING * * *
The gnoll sergeant misses you.
Unknown command.
Unknown command.
You kill the gnoll sergeant!
Your Fighting skill increases to level 5!
Your Spellcasting skill increases to level 5!
Your Conjurations skill increases to level 2!
You have reached level 8!
You feel clever.
Your demonic ancestry asserts itself...
Icy blue scales grow over part of your body.
Unknown command.
Unknown command.
Unknown command.
There is a stone staircase leading up here.
Unknown command.
You climb upwards.
Level annotation: 4 runed translucent doors, Crazy Yiuf; Weresquid's ghost, amateur GrGl
There is a stone staircase leading down here.
(D) Dungeon (T) Temple
Where to? (Enter - D:4 @ (x,y), ? - help)
What level of the Dungeon? (default 1, ? - help)
You see here a +0 longbow.
There is a stone staircase leading up here.
You climb upwards.
There is a stone staircase leading down here.
There is an open door here.
There is a stone staircase leading up here.
You climb upwards.
There is a stone staircase leading down here.
There is a stone staircase leading up here.
You climb upwards.
There is a stone staircase leading down here.
You open the door.
There is an open door here.
There is an open door here.
Magic restored.
There is a staircase leading out of the dungeon here.
Are you sure you want to leave the Dungeon?
This will make you lose the game!
You have escaped!

### ##@## ### ###...### ## ..#
#^#...#Z############.
..#############...####...........
..##.......##Z#...#Z##...........
..##'####.#####...####...........
...........##Z#...#^####.........
........#..#####..### #.......#.
........#..# #Z#..#^# #.......'.


You could see a felid skeleton.

Vanquished Creatures
  Sigmund (D:5)
  A water moccasin (D:5)
  An ice beast (D:5)
  A phantom (D:3)
  A gnoll sergeant (D:5)
  A necrophage (D:4)
  2 scorpions (D:4)
  A hound (D:5)
  An orc priest (D:4)
  2 iguanas
  An orc wizard (D:4)
  4 gnolls
  6 adders
  2 worms
  3 dart slugs
  10 orcs
  9 endoplasms
  2 giant cockroaches
  6 goblins
  9 hobgoblins
  12 jackals
  2 quokkas
  11 ball pythons
  5 bats
  3 frilled lizards
  5 kobolds
  3 rats
105 creatures vanquished.

Notes
Turn   | Place    | Note
-------+----------+-------------------------------------------
     0 | D:1      | protoss039 the Demonspawn Earth Elementalist began the
                  | quest for the Orb.
     0 | D:1      | Reached XP level 1. HP: 13/13 MP: 3/3
     6 | D:1      | Noticed a minotaur skeleton
    78 | D:1      | Gained mutation: Your demonic aura sometimes causes spilled
                  | blood to erupt in flames. [demonic ancestry]
    78 | D:1      | Reached XP level 2. HP: 20/20 MP: 5/5
   214 | D:1      | Reached skill level 1 in Fighting
   572 | D:1      | Reached XP level 3. HP: 18/26 MP: 6/6
  1220 | D:1      | Learned a level 2 spell: Passwall
  1311 | D:2      | Found Xeonu's Jewellery Shoppe.
  1636 | D:2      | Gained mutation: You are partially covered in sharp spines.
                  | [demonic ancestry]
  1636 | D:2      | Reached XP level 4. HP: 33/33 MP: 8/8
  1767 | D:2      | Found Wemmeli's Weapon Emporium.
  2074 | D:2      | Learned a level 3 spell: Stone Arrow
  2444 | D:3      | Found a faded altar of an unknown god.
  2553 | D:3      | Found Veatoti's Vocational Training.
  2559 | D:3      | Gained mutation: You have a pair of small antennae on your
                  | head. [demonic ancestry]
  2559 | D:3      | Reached XP level 5. HP: 39/39 MP: 9/9
  2605 | D:3      | Noticed a phantom
  2614 | D:3      | Killed a phantom
  2854 | D:4      | Reached XP level 6. HP: 40/47 MP: 9/11
  3007 | D:4      | Found a staircase to the Ecumenical Temple.
  3030 | Temple   | Entered the Ecumenical Temple
  3277 | D:4      | Noticed Weresquid's ghost (amateur GrGl)
  3281 | D:4      | Found a runed translucent gate.
  3281 | D:4      | Found a runed translucent gate.
  3281 | D:4      | Found a runed translucent gate.
  3302 | D:4      | Found a basalt altar of Yredelemnul.
  3485 | D:4      | Identified the +8 short sword "Killer Klown's Bane"
                  | {distort, *Corrode rElec Str+8 Dex-4}
  3584 | D:4      | Found a stormy altar of Qazlal.
  3660 | D:4      | Noticed an air elemental
  3660 | D:4      | Noticed a water elemental
  3661 | D:4      | Noticed a fire elemental
  3691 | D:4      | Identified the +4 robe "Kaotza" {+Inv rF+}
  3775 | D:4      | Gained mutation: Your demonic aura often causes spilled
                  | blood to erupt in flames. [demonic ancestry]
  3775 | D:4      | Reached XP level 7. HP: 54/54 MP: 13/13
  3852 | D:4      | Found a runed translucent door.
  3853 | D:4      | Noticed Crazy Yiuf
  4056 | D:5      | Entered Level 5 of the Dungeon
  4318 | D:5      | Reached skill level 5 in Earth Magic
  4386 | D:5      | Reached skill level 1 in Conjurations
  4487 | D:5      | Noticed Sigmund
  4491 | D:5      | Killed Sigmund
  4655 | D:5      | Reached skill level 5 in Fighting
  4655 | D:5      | Reached skill level 5 in Spellcasting
  4655 | D:5      | Gained mutation: You are partially covered in icy blue
                  | scales. (AC +2) [demonic ancestry]
  4655 | D:5      | Reached XP level 8. HP: 4/62 MP: 1/15
  4776 | D:$      | Got out of the dungeon alive.

Illustrated notes

Levels and vault maps discovered:
D:1:      shiori_arrival_whats_in_store_for_you, layout_basic,
          interstate_on_off, minmay_misc_feat_more_columns
D:2:      layout_rooms, serial_shops, shop, shop, serial_glass, glass_columns_a,
          glass_columns_a
D:3:      layout_basic, shapermc_ecumenical_altar_starsandcircs,
          chequers_garden, nicolae_shop_vocational
D:4:      layout_loops_ring, lemuel_doored_altar,
          nicolae_qazlal_style_of_elements, minmay_temple_entry_statues_pillars,
          gammafunk_ghost_split, uniq_crazy_yiuf_cottage
D:5:      layout_loops_ring, mainiacjoe_overflow_six_doors_small,
          lemuel_tele_altar, uniq_sigmund
Temple:   nicolae_temple_ecumenical_triangle

Skill      XL: |  1  2  3  4  5  6  7 |
---------------+----------------------+-----
Fighting       | 1 2 3 4 5 |  5.0
Earth Magic    | 3 4 5 |  5.4
Spellcasting   | 3 4 5 |  5.0
Conjurations   | 2 |  2.0
Dodging        | |  1.7
Stealth        | |  1.7
Transmutations | |  0.8

Action                   |  1- 3 |  4- 6 |  7- 9 || total
-------------------------+-------+-------+-------++-------
Melee: Dagger            |    74 |   109 |    11 ||   194
       Punch             |       |     1 |     2 ||     3
 Cast: Sandblast         |     1 |     1 |     6 ||     8
       Stone Arrow       |       |       |    12 ||    12
  Use: Scroll            |       |     3 |     3 ||     6
       Potion            |       |       |     1 ||     1
 Stab: Sleeping          |     3 |     3 |     1 ||     7
       Distracted        |       |     1 |       ||     1
Armor: Robe              |     8 |       |    11 ||    19
       Ring mail         |    13 |    39 |       ||    52
Dodge: Dodged            |    48 |    33 |    13 ||    94
